[Event "Superbet Blitz Poland 2022"]
[Site "Warsaw"]
[Date "2022.05.22"]
[Round "5.5"]
[White "Wojtaszek, Radoslaw"]
[Black "Duda, Jan-Krzysztof"]
[Result "0-1"]
[ECO "A38"]
[WhiteElo "2696"]
[BlackElo "2750"]
[Annotator "TA"]
[PlyCount "90"]
[EventDate "2022.05.22"]
[EventType "tourn"]
[EventCountry "POL"]
[SourceTitle "playchess.com"]
[Source "ChessBase"]
[SourceQuality "1"]
[TimeControl "300+2"]

1. d4 Nf6 2. c4 g6 3. Nf3 Bg7 4. g3 c5 5. Bg2 cxd4 6. Nxd4 O-O 7. Nc3 Nc6 8. Nc2 d6 9. b3 {[%emt 0:00:04] A38: Symmetrical English vs ...g6: 4 Bg2 Bg7 5 Nf3 Nf6.} h5 $5 {[%emt 0:00:03][%mdl 4] Exploring less charted territory.} 10. h4 Be6 {[%emt 0:00:40] [#]} (10... Ng4 {feels hotter.} 11. Qd2 Qa5 12. Bb2 Bf5) 11. Rb1 $146 {[%emt 0:00:29] The position is equal.} ({Predecessor:} 11. O-O Rc8 12. Bb2 Qa5 13. Ne3 Ng4 14. Nxg4 hxg4 15. Rc1 a6 16. Ba1 Rfe8 17. a4 {½-½ (41) Haidenbauer,D (2031)-Fasser,W (2167) ICCF email 2015}) 11... Qd7 12. Bb2 Rfd8 13. Ne3 {[%emt 0:00:07] Inhibits d5.} Rac8 14. Ncd5 Ne5 15. O-O Nxd5 16. cxd5 Bh3 17. Qd2 Bxg2 18. Kxg2 b6 (18... Bh6 {is more complex.} 19. f4 Ng4 20. Nxg4 Qxg4 21. Qd4 Kh7) 19. Rbc1 Qb7 20. Rxc8 Rxc8 21. Rc1 Rc5 22. b4 Rxc1 23. Qxc1 (23. Bxc1 $11 {was the only way to keep the balance.} Qa6 24. a3) 23... Ng4 $17 {[%emt 0:00:20] White is now going downhill.} 24. Nxg4 Qxd5+ 25. Kg1 (25. e4 $2 Qxe4+ 26. Kh2 Qxg4 27. Bxg7 Kxg7 $19) 25... hxg4 {[%emt 0:00:05][%mdl 4096] Endgame KQB-KQB} 26. Qc8+ Bf8 {[%emt 0:00:15] White must now prevent ...Qd1+.} 27. Qxg4 Qxa2 28. Qd4 (28. Bc3 $17) 28... e5 $19 29. Qc3 Qb1+ 30. Kh2 a5 31. bxa5 bxa5 32. f4 (32. e3 $142) 32... Qf1 33. Qe3 Bh6 34. Qe4 {[%emt 0:00:03] [#]} (34. Ba3 exf4 35. Qe8+ Bf8 36. Bxd6 Qf2+ 37. Kh1 Qe1+ 38. Kg2 Qxg3+ 39. Kf1 Qh3+ 40. Ke1 Qc3+ 41. Kf1 Qh3+ 42. Ke1 Qh1+ 43. Kf2 Qh2+ 44. Kf1 Qh3+) 34... Qf2+ 35. Kh1 $2 (35. Qg2 Qxg2+ 36. Kxg2) 35... Qf1+ 36. Kh2 Qf2+ $2 (36... exf4 $19 {Strongly threatening ...Qf2+.} 37. Bd4 Qe1 38. gxf4 Qxh4+ 39. Kg2 Qg4+ 40. Kh1 Qh3+ 41. Kg1 Qg3+ 42. Kh1 Qh4+ 43. Kg1 Qg3+ 44. Kh1 Qh4+ 45. Kg2 Qg4+ 46. Kh1 Qxf4 47. Qa8+ Bf8) 37. Kh3 $2 (37. Kh1 $1 $11 {and White has nothing to worry.} Qxg3 38. Qf3 Qxh4+ 39. Kg2 Bxf4 40. Ba3) 37... Bg7 {[%emt 0:00:05] [#] aiming for ...exf4.} 38. h5 Qf1+ 39. Kh2 Qf2+ ({Avoid the trap} 39... gxh5 $2 40. fxe5 Qf2+ 41. Kh3 $19) 40. Kh3 $1 gxh5 (40... exf4 $142 41. gxf4 Bxb2 42. hxg6 Kg7 43. gxf7 Bf6) 41. Qa8+ $2 (41. fxe5 a4 42. e6 fxe6 43. Qxe6+ Qf7 44. Qc8+ Kh7 45. Qc2+ Qg6 46. Qd2) 41... Bf8 42. fxe5 Qxe2 43. Bd4 (43. exd6 $142 Qf1+ 44. Kh2 Qf2+ 45. Kh3) 43... Qf1+ (43... Qg4+ $142 44. Kg2 Qxd4 45. exd6 Qd2+ 46. Kf1 Kg7) 44. Kh2 Qe2+ $2 (44... Qc4 45. Bb6 Qa2+ 46. Kh1 Qa1+ 47. Kg2 Qb2+ 48. Bf2 Qxe5) 45. Kh3 $1 Qg4+ {[%emt 0:00:01] Weighted Error Value: White=0.74/Black=0.74} 0-1

[Event "Superbet Blitz Poland 2022"]
[Site "Warsaw"]
[Date "2022.05.22"]
[Round "6.1"]
[White "Aronian, Levon"]
[Black "Duda, Jan-Krzysztof"]
[Result "1/2-1/2"]
[ECO "C54"]
[WhiteElo "2765"]
[BlackElo "2750"]
[Annotator "TA"]
[PlyCount "164"]
[EventDate "2022.05.22"]
[EventType "tourn"]
[EventCountry "POL"]
[SourceTitle "playchess.com"]
[Source "ChessBase"]
[SourceQuality "1"]
[TimeControl "300+2"]

1. e4 e5 2. Bc4 Nf6 3. d3 Nc6 4. Nf3 Bc5 5. O-O O-O 6. Re1 d6 7. c3 a6 {[%emt 0:00:04] C54: Giuoco Piano: 4 c3 Nf6, main lines with 5 d4 and 5 d3.} 8. Nbd2 Ba7 9. Nf1 $1 {[%emt 0:00:01][%mdl 4] is recently more successful than 9.Bb3.} Na5 10. Bb3 Nxb3 11. axb3 h6 12. Ng3 Re8 {[%emt 0:00:11] [#]} 13. Be3 $5 $146 {[%emt 0:00:13][%mdl 8] New and interesting.} ({Predecessor:} 13. h3 Bd7 14. d4 Bc6 15. Qc2 Qe7 16. d5 Bd7 17. b4 c6 18. dxc6 Bxc6 19. c4 {1-0 (55) Giri,A (2772)-Santos Latasa,J (2639) Warsaw 2021}) 13... Bxe3 14. Rxe3 c5 15. h3 Be6 16. d4 cxd4 17. cxd4 Qb6 18. d5 Bd7 19. Nd2 Qb4 20. Nc4 a5 (20... Reb8 $14) 21. Qe1 $16 Qc5 22. Rc3 Qb4 23. Rcc1 {[%emt 0:00:12] aiming for Qxb4.} Qxe1+ 24. Rxe1 Ra6 25. Rxa5 Rxa5 26. Nxa5 Ra8 27. Nc4 Ra6 28. f3 g6 29. Kf2 Ne8 30. Rc1 Kf8 31. Ke3 Ke7 32. Nh1 Ng7 33. Nf2 f5 34. Nd3 f4+ 35. Kd2 Ne8 36. Nb4 Ra8 37. Nb6 Ra5 38. Nd3 ({Better is} 38. Nc2) 38... Rb5 39. Nxd7 {[%emt 0:00:34] White is more active.} Kxd7 {[%emt 0:00:01][%mdl 4096] Endgame KRN-KRN} 40. b4 Rb6 41. Ra1 {[%emt 0:00:19] Hoping for Ra8.} Nc7 {[%emt 0:00:18] Prevents Ra8.} 42. h4 Ra6 43. Ra5 g5 (43... Ra8 $16 {was necessary.}) 44. hxg5 (44. h5 $1 $18) 44... hxg5 45. Ke1 b6 46. Ra3 Ra8 47. Rxa8 Nxa8 {[%emt 0:00:01] KN-KN} 48. Nf2 Ke7 49. Nd1 Nc7 50. Nc3 {[%emt 0:00:00] Prevents Nb5.} b5 51. Kf2 Kf6 52. g3 Kg6 53. Kg2 Kh6 54. Kh3 Kh5 55. b3 Kh6 56. gxf4 gxf4 57. Kh4 Kg6 58. Kg4 Kf6 59. Kh5 Ke7 60. Kg6 Kd7 $2 {[%emt 0:00:03][%mdl 8192] [#]} (60... Na6 $16) 61. Kf7 $1 $18 Na6 {[%emt 0:00:01] [#]} 62. Nxb5 $2 ({Only move:} 62. Na2 $1 $18 Nc7 63. Nc1) 62... Nxb4 $11 {[%emt 0:00:00] Strongly threatening ...Nc2.} 63. Nc3 Nc2 {[%emt 0:00:03] And now ...Nd4 would win.} 64. Nb1 Nb4 (64... Ne1 $5 65. Nd2 Nc2 $11) 65. Nd2 Nc2 66. Kf6 Nb4 67. Nc4 Nc2 {[%emt 0:00:01] Against Na3} 68. Nxe5+ dxe5 {The position is equal.} 69. Kxe5 {[%emt 0:00:01] KN-KP} Na1 70. b4 Nc2 71. Kxf4 {[%emt 0:00:01] Black must now prevent b5.} Nxb4 {[%emt 0:00:01] KN-K3P} 72. Ke5 Nd3+ 73. Kf5 Kd6 74. f4 Nf2 75. e5+ Kxd5 {[%emt 0:00:01] KN-KPP} 76. e6 Kd6 77. Kf6 Ng4+ 78. Kg5 Ne3 79. f5 Nd5 80. Kg6 Ke7 81. f6+ Nxf6 82. Kg5 Kxe6 {[%emt 0:00:01] White really could win this.  Weighted Error Value: White=0.08 (flawless) /Black=0.10 (very precise)} 1/2-1/2

[Event "Superbet Blitz Poland 2022"]
[Site "Warsaw"]
[Date "2022.05.22"]
[Round "6.2"]
[White "Korobov, Anton"]
[Black "Wojtaszek, Radoslaw"]
[Result "1/2-1/2"]
[ECO "A28"]
[WhiteElo "2671"]
[BlackElo "2696"]
[Annotator "TA"]
[PlyCount "88"]
[EventDate "2022.05.22"]
[EventType "tourn"]
[EventCountry "POL"]
[SourceTitle "playchess.com"]
[Source "ChessBase"]
[SourceQuality "1"]
[TimeControl "300+2"]

1. c4 Nf6 2. Nc3 e5 3. Nf3 Nc6 4. a3 d5 5. cxd5 Nxd5 6. Qc2 Nxc3 $1 {[%emt 0:00:03][%mdl 4] outshines the older 6...Be7.} 7. dxc3 {[%emt 0:00:03] A28: English Opening: Four Knights Variation.} Bd6 8. e4 O-O 9. Be3 a5 10. Bc4 {[%emt 0:00:22] [#]} Bg4 $146 ({Predecessor:} 10... Qe7 11. a4 Kh8 12. Qe2 Nd8 13. h3 Ne6 14. O-O f6 15. Rfd1 b6 16. Bd5 Rb8 17. Nd2 Bd7 18. Nc4 Bc5 19. Qc2 Rfd8 20. Rd2 Be8 21. Kh2 Ng5 22. h4 {½-½ (22) Troger,D (2330)-Maierhofer,J (2290) ICCF email 2018}) 11. O-O-O Qf6 12. h3 Be6 13. Bd5 Bxd5 14. exd5 Nb8 15. Ng5 Qg6 16. Qxg6 hxg6 17. h4 Be7 18. f4 {[%emt 0:00:18] White is much more active.} (18. Ne4 $14 {was preferrable.}) 18... Nd7 $11 19. fxe5 Nxe5 20. Bf4 Bd6 21. Kc2 Nc4 22. Rd4 b5 23. Bxd6 cxd6 {[%emt 0:00:02] [#]} (23... Nxd6 $11 {keeps the balance.} 24. h5 gxh5) 24. a4 $1 $16 Ne3+ 25. Kd3 Nf5 {[%emt 0:00:01] [#]} 26. Rf4 (26. axb5 $1 $14 Nxd4 27. Kxd4) 26... bxa4 {[%emt 0:00:07] The position is equal.} 27. h5 Rfe8 {[%emt 0:00:10] aiming for ...Re3+.} 28. hxg6 (28. Rxa4 Re3+ 29. Kd2 Rg3 $17) 28... fxg6 {[%emt 0:00:01] Strongly threatening ...Re3+.} 29. Ne6 ({Of course not} 29. Rxa4 Re3+ 30. Kc4 Rc8+ 31. Kb3 Rb8+ 32. Ka3 Re2 $15) 29... Rab8 30. Rxa4 Rxb2 31. g4 Nh6 (31... Ng3 $2 32. Rg1 $18) 32. g5 Nf5 33. Rxa5 Rc8 34. Ra6 Rg2 35. Rc6 Ra8 36. Rb1 Rg3+ 37. Ke4 Ra4+ 38. Rb4 Rg4+ 39. Kf3 {[%emt 0:00:07] And now Rc8+ would win.} Rgxb4 ({Don't take} 39... Rg3+ 40. Kf4 Rxb4+ 41. cxb4 $16) 40. Rc8+ Kf7 41. Rc7+ Kg8 42. Rc8+ Kf7 43. Rc7+ Kg8 44. Rc8+ Kf7 {[%emt 0:00:00] Weighted Error Value: White=0.06 (flawless) /Black=0.07 (flawless)} 1/2-1/2

[Event "Superbet Blitz Poland 2022"]
[Site "Warsaw"]
[Date "2022.05.22"]
[Round "6.3"]
[White "Gavrilescu, David"]
[Black "Rapport, Richard"]
[Result "0-1"]
[ECO "B51"]
[WhiteElo "2518"]
[BlackElo "2776"]
[Annotator "TA"]
[PlyCount "92"]
[EventDate "2022.05.22"]
[EventType "tourn"]
[EventCountry "POL"]
[SourceTitle "playchess.com"]
[Source "ChessBase"]
[SourceQuality "1"]
[TimeControl "300+2"]

1. e4 c5 2. Nf3 d6 3. Bb5+ Nd7 4. d4 cxd4 5. Qxd4 Ngf6 6. O-O {[%emt 0:00:06] B51: Sicilian: Moscow Variation (3 Bb5+) without 3...Bd7.} a6 7. Be2 Qc7 $5 {[%emt 0:00:06][%mdl 4] Leaves trodden paths.} (7... e5 $5 8. Qe3 Be7 $11) 8. c4 {[%emt 0:00:06] White is slightly better.} e6 9. Nc3 Be7 10. b3 O-O 11. Bb2 b6 12. Rac1 Bb7 13. Rfd1 {[%emt 0:00:06] [#]} Rfe8 $146 ({Predecessor:} 13... Rfd8 14. Nd2 Bf8 15. Nf1 Rac8 16. Ng3 Qb8 17. b4 Qa8 18. a3 Qb8 19. Kh1 Ba8 {1-0 (66) Real Pereyra,J (2147)-Diaz Rosas,J (2393) Mexico City 2022}) 14. h3 Rac8 15. Qe3 Bf8 16. Bd3 Qb8 17. Re1 g6 18. e5 ({White should play} 18. Na4 $14) 18... Bxf3 $15 19. exf6 Ba8 20. Ne4 e5 21. Qg5 h6 22. Qh4 Re6 23. f4 (23. b4 $11 {keeps the balance.}) 23... exf4 $1 $17 24. Qxf4 {[%emt 0:00:06] [#]} ({Better is} 24. Nf2 $1 $15 Qb7 25. Bf1 (25. Be4 $2 Rxe4 26. Nxe4 Nc5 $19) 25... Rxe1 26. Rxe1) 24... Rce8 $1 $19 {[%emt 0:00:02] aiming for ...Nc5.} 25. Bc3 {[%emt 0:00:10] [#]} Ne5 (25... Qb7 $1 $19 {is more deadly. Threatens to win with ...Nc5.} 26. Re2 Rxe4 27. Bxe4 Rxe4 28. Rxe4 g5) 26. Bb1 $17 d5 27. cxd5 Bxd5 28. Kh1 (28. Qg3 $15) 28... Qb7 29. Re2 (29. Re3 $17) 29... Nd7 $19 30. Rce1 Qc6 $36 {[%emt 0:00:01][%mdl 2048] Black is in control.} 31. Bd4 Nc5 32. Bxc5 bxc5 33. Qg4 $2 {[%emt 0:00:19] White does not recover from this.} (33. Bd3 $17 {was the only defense.}) 33... Re5 {[%emt 0:00:03] And now ...c4 would win.} 34. h4 $2 (34. Bd3) 34... c4 35. bxc4 Qxc4 36. Qf3 Qb4 (36... Bb4 $142 37. Qe3 Bxe4 38. Bxe4 Rxe4 39. Qxe4 Rxe4 40. Rxe4 Qb5) 37. a3 $2 (37. Kh2) 37... Qxa3 {[%emt 0:00:03] Black is clearly winning.} 38. Qxa3 Bxa3 39. Nc3 Rxe2 40. Rxe2 Rxe2 41. Nxe2 {[%emt 0:00:01][%mdl 4096] Endgame KBB-KBN} Bb2 {[%emt 0:00:06] A strong pair of Bishops.} 42. Nf4 Bb3 43. Be4 a5 {[%emt 0:00:03] ...a4 is the strong threat.} ({Not} 43... Bxf6 $2 44. Bd5 Bc2 45. g3 $19) 44. h5 (44. Nd3 $142 Bxf6 45. h5) 44... gxh5 45. Nd3 Bxf6 {[%emt 0:00:08] White must now prevent ...Bc2.} 46. Bc6 Bd4 {[%emt 0:00:04] Weighted Error Value: White=0.51/Black=0.19 (very precise)} 0-1

[Event "Superbet Blitz Poland 2022"]
[Site "Warsaw"]
[Date "2022.05.22"]
[Round "6.4"]
[White "Shevchenko, Kirill"]
[Black "Caruana, Fabiano"]
[Result "0-1"]
[ECO "C49"]
[WhiteElo "2644"]
[BlackElo "2786"]
[Annotator "TA"]
[PlyCount "106"]
[EventDate "2022.05.22"]
[EventType "tourn"]
[EventCountry "POL"]
[SourceTitle "playchess.com"]
[Source "ChessBase"]
[SourceQuality "1"]
[TimeControl "300+2"]

1. e4 e5 2. Nf3 Nf6 3. Nc3 Nc6 4. Bb5 Bb4 5. O-O O-O 6. Bxc6 dxc6 7. d3 Nd7 {[%emt 0:00:06][%cal Bf6d7,Bd7f8,Bf8g6][%mdl 32] C49: Four Knights: 4 Bb5 Bb4.} 8. Be3 Re8 9. Ne2 Nf8 {[%emt 0:00:03] The position is equal.} 10. Ng3 Ng6 {[%emt 0:00:04] [#]} 11. c3 $146 ({Predecessor:} 11. Nd2 Bf8 12. Ne2 c5 13. Nc4 b6 14. Qd2 Be6 15. b3 a5 16. a4 Bxc4 17. bxc4 {1-0 (37) Grachev,A (2366)-Kairbekova,A (2068) Cheliabinsk 2022}) 11... Bd6 12. Qc2 c5 13. Nf5 Bxf5 14. exf5 Nh4 15. Nxh4 Qxh4 16. Qe2 {[%emt 0:00:25] Inhibits Qh5.} e4 {[%emt 0:00:59][%csl Gd6][%cal Rh4h2] [#]} 17. g3 Qh3 18. dxe4 Rxe4 $40 {[%emt 0:00:01][%mdl 128] White needs to defend precisely.} 19. Qf3 {[%emt 0:00:05] [#]} Rh4 20. Qg2 Qxg2+ 21. Kxg2 Rh5 22. f4 (22. f6 $11) 22... Rxf5 $17 23. Rad1 Re8 24. Kf3 Rf6 25. c4 Rfe6 26. Rd3 b6 27. Rfd1 f5 28. Ra3 Re4 29. Rc1 a5 30. Rd3 a4 31. Ra3 b5 32. Rac3 b4 33. Rd3 Kf7 34. b3 g6 35. Rc2 Ra8 (35... h5 {seems wilder.} 36. Rcd2 h4 37. Bf2 Ra8) 36. Bf2 axb3 37. axb3 Ra3 38. Rcd2 Ke6 {[%emt 0:00:14] Black is more active.} 39. Be3 h6 40. h3 Be7 41. g4 Bd6 (41... Kf6 $17 42. Rd1 Re6) 42. gxf5+ gxf5 43. Rg2 Kf7 {[%emt 0:00:08] Against Rg6} 44. Rgd2 Re6 45. Rb2 Re4 (45... Ra1 $17 46. Rd5 c6) 46. Rd5 (46. Rbd2 $1 $11 {keeps the balance.}) 46... Ke6 47. h4 h5 48. Rd3 Be7 {[%emt 0:00:02][%cal Oe4c4] And now ...Rxc4! would win.} 49. Rd5 $2 {[%emt 0:00:01][%mdl 8192] Loses the game.} (49. Rb1 $17) 49... c6 50. Rd1 Bf6 51. Rbd2 (51. Rbb1) 51... Rxb3 $19 52. Rd7 Rbxe3+ 53. Kf2 Bd4 {[%emt 0:00:01] Weighted Error Value: White=0.49/Black=0.13 (very precise)} 0-1

[Event "Superbet Blitz Poland 2022"]
[Site "Warsaw"]
[Date "2022.05.22"]
[Round "6.5"]
[White "Anand, Viswanathan"]
[Black "So, Wesley"]
[Result "1-0"]
[ECO "C48"]
[WhiteElo "2751"]
[BlackElo "2766"]
[Annotator "TA"]
[PlyCount "89"]
[EventDate "2022.05.22"]
[EventType "tourn"]
[EventCountry "POL"]
[SourceTitle "playchess.com"]
[Source "ChessBase"]
[SourceQuality "1"]
[TimeControl "300+2"]

1. e4 e5 2. Nf3 Nc6 3. Bb5 Nf6 4. d3 Bc5 5. Bxc6 dxc6 6. Nc3 Nd7 {[%emt 0:00:15] C48: Four Knights: 4 Bb5, replies other than 4...Bb4.} 7. Be3 Bxe3 8. fxe3 Qe7 {[%emt 0:00:01] The position is equal.} 9. O-O b6 {[%emt 0:00:17] [#]} 10. Qe1 $146 ({Predecessor:} 10. Ne2 Bb7 11. Ng3 g6 12. a4 a5 13. d4 O-O-O 14. Qe2 h5 15. h4 Rhe8 16. c3 {1-0 (64) Abdusattorov,N (2627)-So,W (2770) Chess.com INT 2020}) 10... Bb7 11. Qg3 f6 12. a3 a5 13. Nd2 h5 14. Nf3 g5 15. h4 Rg8 16. hxg5 fxg5 17. Nh4 $36 {[%emt 0:00:02][%mdl 2048] White has some pressure.} O-O-O 18. Nf5 Qe6 19. b4 axb4 20. axb4 Kb8 {[%emt 0:00:01] Inhibits Ra7.} (20... h4 $5 21. Qh3 Kb8 $14) 21. Qe1 h4 22. Qb1 Nf6 (22... Rh8 $11) 23. Qa2 ({White must play} 23. Na4 $1 $16 ) 23... Qxa2 $11 24. Rxa2 Ng4 25. Rf3 Rgf8 26. Ra1 Bc8 27. Raf1 {[%emt 0:00:06] Black must now prevent Ne7.} (27. g3 {is interesting.} Kb7 28. gxh4 gxh4 29. Kh1) 27... Bxf5 28. exf5 Nf6 29. e4 g4 30. Re3 Kb7 31. Ree1 g3 32. Ra1 Ra8 33. Rfc1 Rh8 {[%emt 0:00:05] [#]} (33... Ng4 $11) 34. Rxa8 $1 $16 Rxa8 {[%emt 0:00:06][%mdl 4096] Endgame KRN-KRN} 35. Kf1 Ra3 {[%emt 0:00:02] [#]} (35... b5 $14) 36. Nd1 $1 Ra4 (36... Ka6 $16) 37. Ke2 Rxb4 38. Ne3 c5 39. Rh1 c4 40. dxc4 Nxe4 41. Rxh4 Nf6 (41... Nd6 42. Rg4 Kc6 43. Rxg3 Nxc4) 42. Kf3 $18 Ra4 43. Rh6 Nd7 44. Kxg3 Ra3 45. Kf3 {[%emt 0:00:02] Weighted Error Value: White=0.12 (very precise) /Black=0.30} 1-0

[Event "Superbet Blitz Poland 2022"]
[Site "Warsaw"]
[Date "2022.05.22"]
[Round "7.1"]
[White "So, Wesley"]
[Black "Aronian, Levon"]
[Result "1/2-1/2"]
[ECO "A06"]
[WhiteElo "2766"]
[BlackElo "2765"]
[Annotator "TA"]
[PlyCount "70"]
[EventDate "2022.05.22"]
[EventType "tourn"]
[EventCountry "POL"]
[SourceTitle "playchess.com"]
[Source "ChessBase"]
[SourceQuality "1"]
[TimeControl "300+2"]

1. Nf3 d5 2. e3 c5 3. b3 Nc6 4. Bb2 a6 5. d4 Nf6 6. Nbd2 {[%emt 0:00:18] A06: Réti Opening: 1 Nf3 d5.} Bg4 7. h3 $1 {[%emt 0:00:05][%mdl 4] now scores much better than the old 7.Be2.} Bh5 8. Be2 e6 9. O-O Rc8 10. c4 cxd4 11. Nxd4 ({Don't play} 11. Bxd4 Nxd4 12. exd4 Bb4 $11) 11... Bxe2 12. Qxe2 Nxd4 13. Bxd4 Bc5 14. Bxf6 Qxf6 15. cxd5 exd5 16. Nf3 O-O 17. Rad1 {[%emt 0:00:07] [#]} Rfd8 $146 ({Predecessor:} 17... Rcd8 18. Rd2 Rfe8 19. Rfd1 Qe6 20. Ng5 Qf5 21. Qg4 Qxg4 22. hxg4 d4 23. Nf3 Re4 {1-0 (49) Kravtsiv,M (2572)-Enchev,I (2393) Dresden 2014}) 18. Rd3 d4 19. exd4 Bxd4 20. Qe4 Bb6 21. Rxd8+ Rxd8 22. Qxb7 g6 23. Qe4 Qb2 (23... Rd6 $14 {deserves consideration.}) 24. Qb4 ({White should play} 24. Qc6 $16 Rb8 25. Qd6) 24... Qf6 $14 25. Qc4 h5 26. h4 (26. Rc1 {is interesting.} g5 27. Qe4 Rd6 28. a4) 26... Kg7 27. Qe2 (27. Rc1 {seems wilder.} Rd6 28. Rc2 a5 29. Qe2) 27... Rd6 28. Rd1 (28. Rc1 $14) 28... Rxd1+ $11 29. Qxd1 {[%emt 0:00:01][%mdl 4096] Endgame KQB-KQN} Qb2 30. Qd2 Qb1+ {[%emt 0:00:10] [#]} (30... Qa1+ $1 $11 31. Qe1 Qxa2) 31. Kh2 ({Better is} 31. Ne1 $1 $16) 31... Qf1 {[%emt 0:00:03] The position is equal.} 32. Nd4 Qa1 33. Nf3 Qf1 $1 ({Resist} 33... Qf6 34. Qe2 $16) 34. Nd4 Qa1 35. Nf3 Qf1 $1 {[%emt 0:01:36] Weighted Error Value: White=0.09 (flawless) /Black=0.10 (very precise)} ({But not} 35... Qf6 36. Qe2 $16) 1/2-1/2

[Event "Superbet Blitz Poland 2022"]
[Site "Warsaw"]
[Date "2022.05.22"]
[Round "7.2"]
[White "Caruana, Fabiano"]
[Black "Anand, Viswanathan"]
[Result "1-0"]
[ECO "C42"]
[WhiteElo "2786"]
[BlackElo "2751"]
[Annotator "TA"]
[PlyCount "90"]
[EventDate "2022.05.22"]
[EventType "tourn"]
[EventCountry "POL"]
[SourceTitle "playchess.com"]
[Source "ChessBase"]
[SourceQuality "1"]
[TimeControl "300+2"]

1. e4 e5 2. Nf3 Nf6 3. Nxe5 d6 4. Nf3 Nxe4 5. d4 d5 6. Bd3 Bd6 7. O-O O-O 8. c4 c6 9. Re1 Bf5 10. Qb3 Qd7 {[%emt 0:00:03] outshines the older 10...Na6. C42: Petroff Defence: 3 Nxe5 and unusual White 3rd moves.} 11. Nc3 Nxc3 12. Bxf5 Qxf5 {[%emt 0:00:02] The position is equal.} 13. bxc3 (13. Qxb7 {feels hotter.} Qd7 14. Qxd7 Nxd7 15. c5) 13... b6 {[%emt 0:00:07] Against c5} 14. cxd5 cxd5 15. Qb5 Qd7 (15... Nd7 $2 16. Qc6 $18) 16. Rb1 {[%emt 0:00:01] [#]} Nc6 $146 ({Predecessor:} 16... Rc8 17. g3 Bf8 18. Bd2 Nc6 19. Ne5 Nxe5 20. Rxe5 Rd8 21. Qxd7 Rxd7 22. Rb5 Rad8 {½-½ (51) Vachier Lagrave,M (2795)-Caruana,F (2808) Stavanger 2017}) 17. g3 Bc7 $1 18. c4 Rfd8 19. Bg5 {[%emt 0:01:41] cxd5 is the strong threat.} f6 20. Bd2 Ne7 21. c5 Qxb5 22. Rxb5 Kf7 23. a4 Rab8 24. Be3 (24. Reb1 $11) 24... Nf5 (24... bxc5 $15 {was preferrable.} 25. dxc5 a6) 25. Reb1 $11 g5 26. Ne1 Ne7 27. Nd3 Ke6 28. Nb4 Rbc8 29. Na6 bxc5 30. Rb7 $1 (30. Rxc5 $6 Bd6 $11) 30... Bd6 {[%emt 0:00:10] Threatens to win with ...c4.} 31. dxc5 Be5 32. Rxa7 (32. f4 $16 gxf4 33. gxf4 (33. Bxf4 Bxf4 34. gxf4 Nc6 $11)) 32... d4 33. Bd2 $36 {[%emt 0:00:01][%mdl 2048] White has some pressure.} Nd5 {[%emt 0:00:04] Against Rb6+} 34. a5 Nc3 (34... d3 $11 {remains equal.}) 35. Rb6+ $16 Kd5 {[%emt 0:00:02] [#]} (35... Kf5 $142) 36. c6 $1 (36. Rxh7 $6 Ne4 37. Bc1 Nxc5 $14) 36... Kc4 37. Rd7 {[%emt 0:00:09] aiming for Rxd8.} (37. Rxh7 Nd5 38. c7 Bxc7 39. Nxc7 Nxb6) 37... Nd5 38. Rbb7 {[%emt 0:00:05] 0x0.000842e5bfd5dp-1022s more active pieces.} Re8 (38... g4 $16 {was necessary.} 39. Nb4 Nxb4 40. Rxb4+ Kd3) 39. c7 $18 ({Not} 39. Rxh7 Rxc6 40. Nb4 Nxb4 41. Bxb4 (41. Rxb4+ $2 Kd3 $19) 41... d3 $11) 39... g4 40. Be1 $2 {[%emt 0:00:04] [#]} ({Don't do} 40. Rxh7 $6 Re6 41. Rb8 Ree8 $14) (40. h4 $18) 40... Nc3 $2 {[%emt 0:00:03][%mdl 8192] This move loses the game for Black.} (40... Bxc7 $1 $11 41. Bd2 (41. Rb1 Be5) 41... Be5) 41. Kf1 $2 (41. Bxc3 Kxc3 42. Kf1) 41... Ne4 $2 (41... Nd5 42. Rb2 (42. Rxh7 Re6 $16) 42... h5) 42. Rb6 Kd3 43. Nb4+ Kc4 44. Rc6+ Kb5 45. a6 $2 (45. Rd5+ $18 {and the rest is easy.} Ka4 46. Nd3) 45... Nc3 {[%emt 0:00:02] Weighted Error Value: White=0.50/Black=0.56} 1-0